 Dungeon Crawl Stone Soup version 0.29-a0-266-gf56f883ddd (webtiles) character file.

Game seed: 5683403656954172158

9 sokol815 the Sneak (level 2, 0/17 HPs)
             Began as an Octopode Enchanter on Mar 7, 2022.
             Slain by a bat (1 damage)
             ... on level 1 of the Dungeon.
             The game lasted 00:01:24 (541 turns).

sokol815 the Sneak (Octopode Enchanter)              Turns: 541, Time: 00:01:25

Health: 0/17       AC:  1    Str:  7    XL:     2   Next: 12%
Magic:  5/5        EV: 13    Int: 17    God:
Gold:   54         SH:  0    Dex: 12    Spells: 5/5 levels left

rFire   . . .      SeeInvis .   a - +1 dagger
rCold   . . .      Faith    .   (no shield)
rNeg    . . .      Spirit   .   (helmet restricted)
rPois   .          Reflect  .   (no amulet)
rElec   .          Harm     .   (no ring)
rCorr   .          Rampage  .   (no ring)
Will    .....                   (no ring)
Stlth   ++++......              (no ring)
HPRegen 0.05/turn               (no ring)
MPRegen 0.09/turn               (no ring)
                                (no ring)
                                (no ring)

@: no status effects
A: almost no armour, amphibious, 8 rings, camouflage 1, gelatinous body 1,
(nimble swimmer 1), tentacles
a: no special abilities


You were on level 1 of the Dungeon.
You visited 1 branch of the dungeon, and saw 1 of its levels.

You collected 54 gold pieces.

Inventory:

Hand Weapons
 a - a +1 dagger (weapon)
Missiles
 s - 38 stones (quivered)
Scrolls
 e - a scroll of identify {unknown}
Potions
 b - 3 potions of flight {unknown}
 c - a potion of curing {unknown}
 d - a potion of resistance {unknown}
 I - 2 potions of invisibility


   Skills:
 + Level 1.6 Short Blades
 - Level 2.0 Dodging
 + Level 4.5 Stealth
 - Level 2.0 Spellcasting
 - Level 3.0 Hexes


You had 5 spell levels left.
You didn't know any spells.
Your spell library contained the following spells:

 Spells                   Type           Power      Damage    Failure   Level
 Ensorcelled Hibernation  Hex/Ice        12%        N/A       16%         2
 Confusing Touch          Hex            11%        N/A       17%         3
 Tukima's Dance           Hex            11%        N/A       17%         3
 Dazzling Flash           Conj/Hex       12%        N/A       30%         3


Dungeon Overview and Level Annotations

Branches:
Dungeon (1/15)

Altars:


Innate Abilities, Weirdness & Mutations

You cannot wear most types of armour.
You are amphibious.
You can wear up to eight rings at the same time.
Your skin changes colour to match your surroundings (Stealth+).
Your rubbery body absorbs attacks. (AC +1, EV +1)
((You are camouflaged when in or above water. (Stealth+)))
You have tentacles for arms and can constrict up to eight enemies at once.


Message History

Your line of fire to the quokka is blocked by a granite statue.
Continue anyway?
Okay, then.
You see here a +0 plate armour.
You see here a sapphire potion.
You throw a stone.
The stone hits the quokka but does no damage.
You hit the quokka. Your grab misses the quokka.
Your squeeze misses the quokka. The quokka bites you.
You take 3 damage, and have 8/11 hp.
MASSIVE DAMAGE!!
You barely miss the quokka. Your grab misses the quokka.
You squeeze the quokka.
You kill the quokka!
You see here a quokka corpse.
s - 36 stones (gained 1)
You start resting.
Health restored: 11 You see here a quokka corpse.
c - a sapphire potion
s - 37 stones (gained 1)
You now have 5 gold pieces.
You now have 21 gold pieces (gained 16).
d - a golden potion
Found a stone staircase leading down.
There is a stone staircase leading down here.
You open the door.
There is an open door here.
s - 38 stones (gained 1)
s - 39 stones (gained 1)
s - 40 stones (gained 1)
A quokka comes into view.
You throw a stone. The stone barely misses the quokka.
You throw a stone. The stone barely misses the quokka.
You throw a stone. The stone barely misses the quokka.
You hit the quokka. You grab the quokka. You squeeze the quokka.
You kill the quokka!
No target in view!
No target in view!
No target in view!
s - 40 stones (gained 3)
You open the door.
There is an open door here.
There is an open door here.
You open the door.
There is an open door here.
You open the door.
There is an open door here.
You open the door.
There is an open door here.
Found a stone staircase leading down.
There is a stone staircase leading down here.
You now have 27 gold pieces (gained 6).
You see here a +0 scale mail.
You now have 31 gold pieces (gained 4).
You now have 39 gold pieces (gained 8).
You now have 54 gold pieces (gained 15).
e - a scroll labelled KEOJISM WIGRU You open the door.
Found a stone staircase leading down.
There is an open door here.
A hobgoblin and a dart slug come into view.
You throw a stone.
The stone hits the dart slug but does no damage.
The dart slug launches a dart at you. The slug dart hits you.
You take 5 damage, and have 6/11 hp.
MASSIVE DAMAGE!!
You start resting.
A dart slug is nearby!
The dart slug bites you.
You take 1 damage, and have 5/11 hp.
You hit the dart slug. You grab the dart slug. You squeeze the dart slug!
You kill the dart slug!
The hobgoblin shouts!
You have reached level 2!
You regained 2 hp, and now have 7/17 hp.
MP restored: 5 A bat comes into view.
You are too injured to fight recklessly!
You are too injured to fight recklessly!
Throw: 39 stones
Aim: a hobgoblin (56% to hit)
You throw a stone.
The stone hits the hobgoblin but does no damage.
An endoplasm comes into view.
A ball python comes into view.
The hobgoblin hits you.
* * * LOW HITPOINT WARNING * * *
You take 2 damage, and have 5/17 hp.
The bat attacks as you move away! The bat misses you.
The hobgoblin attacks as you move away! The hobgoblin hits you.
* * * LOW HITPOINT WARNING * * *
The bat closely misses you.
You take 3 damage, and have 2/17 hp.
The bat hits you but does no damage. The bat attacks as you move away!
The bat hits you.
* * * LOW HITPOINT WARNING * * *
The bat hits you but does no damage.
You take 1 damage, and have 1/17 hp.
The bat hits you.
You die...

#?# #. ).# ####
#..####S# .....
#.......#......
#.####.J.......
###
#..........(...
...
#.....######...
###
#..[..#########
###
#.>..gb@.......
...
#...###########
...
#...#########
##'##.......#
#.##.#####.#
#....###...#
#.###......#
#.#
#......#####
#.#
#..........##


You could see a hobgoblin and a bat.

Vanquished Creatures
  A dart slug (D:1)
  2 jackals (D:1)
  2 quokkas (D:1)
  A ball python (D:1)
6 creatures vanquished.

Notes
Turn   | Place    | Note
-------+----------+-------------------------------------------
     0 | D:1      | sokol815 the Octopode Enchanter began the quest for the
                  | Orb.
     0 | D:1      | Reached XP level 1. HP: 11/11 MP: 3/3
    47 | D:1      | Found a faded altar of an unknown god.
   534 | D:1      | Reached XP level 2. HP: 7/17 MP: 5/5
   537 | D:1      | HP: 1/17 [hobgoblin (4)]
   541 | D:1      | Slain by a bat

Illustrated notes

Levels and vault maps discovered:
D:1:      heliophobic_arrival_henge, layout_basic,
          chequers_ecumenical_altar_simple, corexii_corridor_pit,
          minmay_crystal_water, minmay_tetromino_i4

Action                   || total
-------------------------++-------
Melee: Dagger            ||    10
       Tentacles         ||     4
       Constrict         ||     3
Throw: Stone             ||    13
Armor: Skin              ||     2
Dodge: Dodged            ||     5

Table legend: (Time is in decaauts)
 A = Elapsed time spent in this place.
 B = Non-inter-level travel time spent in this place.
 C = Inter-level travel time spent in this place.
 D = Time resting spent in this place.
 E = Time spent auto-exploring this place.
 F = Levels seen in this place.
 G = Mean time per level.
                   A        B        C        D        E       F      G
               +--------+--------+--------+--------+--------+-----+--------+
         Total |    542 |    542 |      0 |    216 |    264 |   1 |  542.0 |
       Dungeon |    542 |    542 |      0 |    216 |    264 |   1 |  542.0 |
               +--------+--------+--------+--------+--------+-----+--------+

Top non-repeatable levels by time:
     D:1: 542 daAuts

Table legend:
 A = Kills in this place as a percentage of kills in entire the game.
 B = Kills by you in this place as a percentage of kills by you in the entire game.
 C = Kills by friends in this place as a percentage of kills by friends in the entire game.
 D = Other kills in this place as a percentage of other kills in the entire game.
 E = Experience gained in this place as a percentage of experience gained in the entire game.
 F = Experience gained in this place divided by the number of levels of this place that you have seen.
                   A       B       C       D       E      F
               +-------+-------+-------+-------+-------+----------------------
         Total | 100.0 | 100.0 |   N/A |   N/A | 100.0 |  13.0
       Dungeon | 100.0 | 100.0 |   N/A |   N/A | 100.0 |  13.0
               +-------+-------+-------+-------+-------+----------------------
